 Dungeon Crawl Stone Soup version 0.31.0-4-g52a2dc7128 (webtiles) character file.

Game seed: 6396006211592356881

3584 Aphynety the Thaumaturge (level 9, 0/67 HPs)
             Began as a Deep Elf Fire Elementalist on Jan 23, 2024.
             Was a Believer of Ashenzari.
             Slain by a troll (9 damage)
             ... on level 8 of the Dungeon.
             The game lasted 00:55:59 (7294 turns).

Aphynety the Thaumaturge (DEFE)                     Turns: 7294, Time: 00:56:00

Health: 0/67       AC: 24    Str: 11    XL:     9   Next: 85%
Magic:  15/36      EV:  2    Int: 25    God:    Ashenzari [**....]
Gold:   476        SH:  0    Dex: 15    Spells: 22/32 levels left

rFire   . . .        H - +2 whip of Ashenzari's Visionary {flame, Dev, Melee} (curse)
rCold   . . .        J - orb {mayhem}
rNeg    . . .        I - melded +2 robe of the Shattered Fetters {Will+, Sorc, Fort} (curse)
rPois   +            v - melded +2 hat of the Unyielding Gaze {Bglg, Elem} (curse)
rElec   .            G - melded +0 cloak
rCorr   .            o - melded +0 pair of gloves
SInv    +            (boots currently unavailable)
Will    .....        (no amulet)
Stlth   +++          A - ring of magical power
HPRegen 0.31/turn    B - +6 ring of strength
MPRegen 0.25/turn

%: mayhem
@: tree-form
A: stationary, stasis, torment immunity, boosted hp
a: Renounce Religion, Shatter the Chains


You were on level 8 of the Dungeon.
You worshipped Ashenzari.
Ashenzari was pleased with you.
You were a tree.
You visited 2 branches of the dungeon, and saw 9 of its levels.
You also visited: Ossuary.

You collected 476 gold pieces.

Inventory:

Hand Weapons
 F - a +2 quarterstaff of chaos
 H - the cursed +2 whip of Ashenzari's Visionary (weapon) {flame, Dev, Melee}
   (You took it off Pikel on level 7 of the Dungeon)

   It has a curse which improves the following skills: Devices: Evocations and
   Shapeshifting.
   Melee Combat: Short Blades, Long Blades, Axes, Maces & Flails, Polearms,
   Staves and Unarmed Combat.
Armour
 o - a +0 pair of gloves (melded)
 v - the cursed +2 hat of the Unyielding Gaze (melded) {Bglg, Elem}
   (You found it on level 4 of the Dungeon)

   It has a curse which improves the following skills: Beguiling: Hexes and
   Translocations.
   Elements:  Fire Magic, Ice Magic, Air Magic and Earth Magic.
 G - a +0 cloak (melded)
 I - the cursed +2 robe of the Shattered Fetters (melded) {Will+, Sorc, Fort}
   (You took it off Pikel on level 7 of the Dungeon)

   It has a curse which improves the following skills: Sorcery: Conjurations and
   Alchemy.
   Fortitude: Armour and Shields.
 J - an orb of mayhem (worn)
Jewellery
 A - a ring of magical power (left branch)
 B - a +6 ring of strength (right branch)
Talismans
 w - a maw talisman
Wands
 l - a wand of flame (38)
 s - a wand of polymorph (3)
 t - a wand of iceblast (14)
 E - a wand of digging (4)
 K - a wand of charming (12)
 L - a wand of mindburst (7)
Scrolls
 a - a scroll of fear
 c - a scroll of silence
 e - a scroll of vulnerability
 f - 2 scrolls of amnesia
 g - 2 scrolls of fog
 i - a scroll of brand weapon
 k - 2 scrolls of teleportation
 p - 2 scrolls of torment
 q - 2 scrolls of poison
 r - 3 scrolls of revelation
 y - 2 scrolls of identify
 D - a scroll of noise
Potions
 b - a potion of magic
 d - a potion of ambrosia
 h - 2 potions of curing
 j - 3 potions of brilliance
 n - 2 potions of degeneration
 u - a potion of invisibility
 x - 2 potions of lignification
 z - 3 potions of attraction
 C - a potion of heal wounds


   Skills:
 + Level 3.0 Dodging
 + Level 4.4 Stealth
 + Level 12.0 Spellcasting
 + Level 4.8 Conjurations
 + Level 4.4 Translocations
 + Level 9.8 Fire Magic


You had 22 spell levels left.
You knew the following spells:

 Your Spells              Type           Power      Damage    Failure   Level
a - Foxfire               Conj/Fire      100%       2x1d9     1%          1
b - Scorch                Fire           100%       2d9       1%          2
c - Volatile Blastmotes   Fire/Tloc      100%       2d18      1%          3
d - Flame Wave            Conj/Fire      51%        2d13      1%          4

Your spell library contained the following spells:

 Spells                   Type           Power      Damage    Failure   Level
 Apportation              Tloc           74%        N/A       1%          1
 Sting                    Conj/Alch      100%       1d9       1%          1
 Lesser Beckoning         Tloc           74%        N/A       1%          2
 Gell's Gravitas          Tloc           37%        N/A       1%          3
 Inner Flame              Hex/Fire       39%        N/A       1%          3
 Teleport Other           Tloc           37%        N/A       1%          3
 Necrotise                Necr           60%        1d7       4%          1
 Summon Small Mammal      Summ           60%        N/A       4%          1
 Jinxbite                 Hex            30%        N/A       6%          2
 Mephitic Cloud           Conj/Alch/Air  23%        N/A       6%          3
 Ozocubu's Armour         Ice            15%        N/A       12%         3
 Freezing Cloud           Conj/Ice/Air   11%        6-21      50%         5
 Alistair's Intoxication  Alch           10%        N/A       73%         5
 Fire Storm               Conj/Fire      25%        8d7       100%        9


Dungeon Overview and Level Annotations

Branches:
Dungeon (8/15)             Temple (1/1) D:6         Ossuary (visited)
   Lair: D:8-11

Altars:
Ashenzari
Cheibriados
Elyvilon
Fedhas
Gozag
Hepliaklqana
Kikubaaqudgha
Makhleb
Nemelex Xobeh
Okawaru
Qazlal
Ru
Sif Muna
Trog
Uskayaw
Vehumet
Xom
Yredelemnul
Zin
The Shining One


Message History

You conjure some foxfire!
The troll bites you! The troll completely misses you. The troll misses you.
The troll is no longer more vulnerable to fire.
The foxfire hits the troll!
The troll is moderately wounded.
The foxfire hits the troll.
The troll is heavily wounded.
Casting: Foxfire (safe; 1% risk of failure)
Confirm with . or Enter, or press ? or * to list all spells.
Flames lash the troll.
The troll is heavily wounded.
The troll's fire resistance burns away.
The troll bites you. The troll claws you! The troll barely misses you.
Okay, then.
You turn into a tree.
Your +0 cloak melds into your body.
The cursed +2 hat of the Unyielding Gaze {Bglg, Elem} melds into your body.
Your +0 pair of gloves melds into your body.
The cursed +2 robe of the Shattered Fetters {Will+, Sorc, Fort} melds into your body.
You feel less strong-willed.
Your roots penetrate the ground.
The troll bites you!
* * * LOW HITPOINT WARNING * * *
The troll barely misses you. The troll claws you but does no damage.
You are too injured to fight recklessly!
Casting: Scorch (safe; 1% risk of failure)
Confirm with . or Enter, or press ? or * to list all spells.
You conjure some foxfire!
The troll bites you.
* * * LOW HITPOINT WARNING * * *
The troll claws you.
* * * LOW HITPOINT WARNING * * *
The troll claws you but does no damage.
Casting: Foxfire (safe; 1% risk of failure)
Confirm with . or Enter, or press ? or * to list all spells.
Flames lash the troll.
The troll is burned terribly!
The troll is heavily wounded.
The foxfire hits the troll.
The troll is heavily wounded.
The foxfire hits the troll!
The troll is burned terribly!
The troll is severely wounded.
The troll bites you!
You die...

##.....##(x.##.....##.#
#.
##...##.)..###...###.#
#. .######.####
#####...# #.
.....##.######......##
##
.........)..........# #
.###.#...)..........# #
#................# #
#.......T........# #
.......~.♣......>##
..........§..######
..............#
..............#
............#
#####.......# #########


You could see a troll (combustible).

Vanquished Creatures
  A two-headed ogre (D:8)
  Erica (D:8)
  Pikel (D:7)
  Jeremiah (D:7)
  Sigmund (D:2)
  Menkaure (D:6)
  A sky beast (D:7)
  A black bear (D:5)
  3 ogres
  A centaur (D:6)
  2 kobold brigands
  A bullfrog (D:6)
  A scorpion (D:5)
  4 hounds
  A bombardier beetle (D:3)
  Crazy Yiuf (D:6)
  2 sleepcaps
  Jessica (D:2)
  Natasha (thrice) (D:4)
  2 orc wizards (D:6)
  Ijyb (D:3)
  Robin (D:4)
  4 gnolls (D:3)
  5 adders
  2 white imps (D:7)
  4 ufetubi
  A dart slug (D:2)
  2 ribbon worms (D:2)
  10 orcs
  4 ball pythons
  9 endoplasms
  A giant cockroach (D:2)
  12 goblins
  15 hobgoblins
  3 quokkas
  9 bats
  9 frilled lizards
  13 kobolds
  5 rats
140 creatures vanquished.

Vanquished Creatures (collateral kills)
  An orc warrior (D:8)
  An orc priest (D:8)
  An orc (D:8)
  A foxfire (D:5)
4 creatures vanquished.

Vanquished Creatures (others)
  416 foxfires
416 creatures vanquished.

Grand Total: 560 creatures vanquished

Notes
Turn   | Place    | Note
-------+----------+-------------------------------------------
     0 | D:1      | Aphynety the Deep Elf Fire Elementalist began the quest for
                  | the Orb.
     0 | D:1      | Reached XP level 1. HP: 10/10 MP: 6/6
   317 | D:1      | Reached XP level 2. HP: 14/15 MP: 1/8
   857 | D:1      | Learned a level 2 spell: Scorch
  1200 | D:2      | Reached XP level 3. HP: 19/19 MP: 3/10
  1546 | D:2      | Noticed Jessica
  1560 | D:2      | Killed Jessica
  1561 | D:2      | Reached skill level 4 in Spellcasting
  1561 | D:2      | Reached XP level 4. HP: 24/24 MP: 4/12
  1834 | D:2      | Noticed Sigmund
  1840 | D:2      | Killed Sigmund
  1841 | D:2      | Reached skill level 5 in Spellcasting
  1841 | D:2      | Reached skill level 5 in Fire Magic
  1841 | D:2      | Reached XP level 5. HP: 25/28 MP: 5/15
  2421 | D:3      | Reached XP level 6. HP: 32/32 MP: 10/16
  2571 | D:3      | Noticed Ijyb
  2581 | D:3      | Killed Ijyb
  2799 | D:3      | Reached skill level 6 in Spellcasting
  2932 | D:4      | Noticed Natasha
  2937 | D:4      | Killed Natasha
  2973 | D:4      | Got Sif Muna's Quarto of Graupel and Fulmination
  2978 | D:4      | Learned a level 3 spell: Volatile Blastmotes
  3022 | D:4      | Found a sand-covered staircase.
  3035 | Ossuary  | Entered an ossuary
  3070 | D:4      | Noticed Natasha
  3075 | D:4      | Killed Natasha
  3210 | D:4      | Noticed Natasha
  3214 | D:4      | Killed Natasha
  3662 | D:4      | Noticed Robin
  3717 | D:4      | Killed Robin
  3926 | D:5      | Entered Level 5 of the Dungeon
  3962 | D:5      | Reached skill level 1 in Translocations
  3962 | D:5      | Reached XP level 7. HP: 18/36 MP: 12/19
  4070 | D:5      | Found a shimmering altar of Xom.
  4256 | D:5      | Reached skill level 7 in Spellcasting
  4596 | D:5      | Found a sparkling altar of Nemelex Xobeh.
  4719 | D:5      | Found a broken altar of Ashenzari.
  4722 | D:5      | Became a worshipper of Ashenzari the Shackled
  4992 | D:6      | Found a staircase to the Ecumenical Temple.
  5014 | Temple   | Entered the Ecumenical Temple
  5087 | D:6      | Noticed Menkaure
  5112 | D:6      | Reached skill level 8 in Spellcasting
  5125 | D:6      | Killed Menkaure
  5126 | D:6      | Reached XP level 8. HP: 24/41 MP: 14/22
  5491 | D:6      | Found a runed translucent door.
  5492 | D:6      | Noticed Crazy Yiuf
  5576 | D:6      | Found an opulent altar of Gozag.
  5647 | D:6      | Killed Crazy Yiuf
  5841 | D:7      | Learned a level 4 spell: Flame Wave
  5888 | D:7      | Reached skill level 9 in Spellcasting
  5957 | D:7      | Noticed Pikel
  5968 | D:7      | Killed Pikel
  5969 | D:7      | Reached skill level 10 in Spellcasting
  6106 | D:7      | Reached XP level 9. HP: 45/45 MP: 25/25
  6556 | D:7      | Reached * piety under Ashenzari
  6739 | D:7      | Noticed Jeremiah
  6764 | D:7      | Killed Jeremiah
  7059 | D:8      | Noticed a two-headed ogre
  7075 | D:8      | Reached ** piety under Ashenzari
  7080 | D:8      | Killed a two-headed ogre
  7081 | D:8      | Reached skill level 11 in Spellcasting
  7267 | D:8      | Noticed Erica
  7267 | D:8      | Noticed a troll
  7287 | D:8      | Killed Erica
  7288 | D:8      | Reached skill level 12 in Spellcasting
  7294 | D:8      | Slain by a troll

Illustrated notes

Levels and vault maps discovered:
D:1:      nzn_arrival_depleted_hourglass, layout_basic,
          wander_ebering_terrifying_dragon_lair
D:2:      layout_basic, uniq_jessica, uniq_sigmund
D:3:      layout_rooms, serial_corexii_hall, corexii_hall_statues_l,
          chequers_hall_statues_corner_a, uniq_ijyb
D:4:      layout_loops_ring, nicolae_ossuary_entry_ruins,
          kennysheep_generic_room_2, uniq_robin, uniq_natasha
D:5:      layout_cave_pools, mainiacjoe_overflow_boulevard,
          jmf_multi_god_temple2
D:6:      layout_rooms, marbit_many_paths, minmay_temple_entry_water_ring,
          minivault_1, uniq_menkaure, uniq_crazy_yiuf_cottage
D:7:      layout_gridville, uniq_jeremiah, uniq_pikel
D:8:      kennysheep_six_static_rooms, layout_basic, uniq_erica
Temple:   compressed_dpeg_triangle_lava_temple

Skill      XL: |  1  2  3  4  5  6  7  8  9 |
---------------+----------------------------+-----
Fire Magic     | 4 5 6 8 9 |  9.8
Spellcasting   | 4 5 6 8 10 12 | 12.0
Stealth        | 3 4 |  4.4
Conjurations   | 2 3 4 |  4.8
Translocations | 1 2 3 4 |  4.4
Dodging        | 3 |  3.0

Action                     |  1- 3 |  4- 6 |  7- 9 || total
---------------------------+-------+-------+-------++-------
  Melee: Unarmed           |     1 |     1 |       ||     2
         Whip              |       |       |     2 ||     2
   Cast: Foxfire           |    59 |    93 |    95 ||   247
         Scorch            |     5 |    15 |    39 ||    59
         Volatile Blastmot |       |    10 |    23 ||    33
 Invoke: Curse Item        |       |       |     3 ||     3
    Use: Potion            |       |     2 |     2 ||     4
         Scroll            |       |     1 |     5 ||     6
 Armour: Robe              |     2 |     8 |    19 ||    29
         Skin              |       |       |     6 ||     6
  Dodge: Dodged            |     4 |    11 |    21 ||    36
